 Dungeon Crawl Stone Soup version 0.28-a0-401-ge240ad9e29 (webtiles) character file.

Game seed: 17769464771735006325

23 jalala the Magician (level 3, 27/27 HPs)
             Began as a Djinni Ice Elementalist on Sept 4, 2021.
             Was a Follower of Yredelemnul.
             Quit the game on level 1 of the Dungeon.
             The game lasted 00:02:55 (1132 turns).

jalala the Magician (Djinni Ice Elementalist)       Turns: 1132, Time: 00:02:56

Health: 27/27      AC:  3    Str:  7    XL:     3   Next: 10%
Gold:   35         EV: 11    Int: 17    God:    Yredelemnul [*.....] SH:  0 Dex: 13

rFire   + + .      SeeInvis .   g - +0 dagger
rCold   x . .      Faith    .   (no shield)
rNeg    . . .      Spirit   .   c - +0 leather armour
rPois   ∞          Reflect  .   (no helmet)
rElec   .          Harm     .   (no cloak)
rCorr   .          Rampage  .   (no gloves)
Will    .....                   (boots unavailable)
Stlth   ++........              (no amulet)
HPRegen 0.09/turn               (no ring)
MPRegen 0.00/turn               (no ring)

@: flying
A: sickness immunity, fire resistance 2, cold vulnerability 1, float, innate
caster, hp casting, extra vitality 1
a: Renounce Religion, Animate Remains


You were on level 1 of the Dungeon.
You worshipped Yredelemnul.
Yredelemnul was aware of your devotion.
You visited 1 branch of the dungeon, and saw 1 of its levels.

You collected 35 gold pieces.

Inventory:

Hand Weapons
 g - a +0 dagger (weapon)
Armour
 a - a +0 robe
 c - a +0 leather armour (worn)
 e - a +0 buckler
Scrolls
 b - a scroll of amnesia {unknown}
Potions
 f - 2 potions of ambrosia {unknown}


   Skills:
 + Level 1.2 Fighting
 - Level 2.1 Dodging
 - Level 1.5 Stealth
 * Level 3.7 Spellcasting


You couldn't memorise any spells.
You knew the following spells:

 Your Spells              Type           Power      Damage    Failure   Level
a - Freeze                Ice            60%        1d8       5%          1
b - Frozen Ramparts       Ice            30%        1d5       16%         3
c - Ozocubu's Armour      Ice            15%        N/A       16%         3
d - Hailstorm             Conj/Ice       15%        3d5       47%         4
e - Sting                 Tmut/Pois      60%        1d6       5%          1
Your spell library was empty.

Dungeon Overview and Level Annotations

Branches:
Dungeon (1/15)

Altars:
Yredelemnul


Innate Abilities, Weirdness & Mutations

You are immune to sickness and miasma.
You are immune to poison.
Your flesh is very heat resistant. (rF++)
You are vulnerable to cold. (rC-)
You float through the air rather than walking.
You learn spells naturally, not from books.
Your magical power is your life essence.
You have superior vitality. (+4 HP)


Message History

You feel clever.
The power to cast Sting wells up from within.
Spell assigned to 'e'.
Your magical contamination has completely faded away. 2 bats come into view.
Found a faded altar of an unknown god.
The helpless bat fails to defend itself.
You hit the bat.
You kill the bat!
The helpless bat fails to defend itself.
You hit the bat.
You kill the bat!
No target in view!
No target in view!
No target in view!
No target in view!
No target in view!
No target in view!
No target in view!
No target in view!
No target in view!
No target in view!
No target in view!
No target in view!
No target in view!
No target in view!
No target in view!
Found 2 gold pieces and a scroll labelled DAOCWUARGHIQ.
There is a faded altar of an unknown god here.
You now have 35 gold pieces (gained 2).
There is a faded altar of an unknown god here.
You cannot tell which god this altar belongs to.
Convert to them anyway?
Okay, then.
You cannot tell which god this altar belongs to.
Convert to them anyway?
Yredelemnul accepts your prayer! Yredelemnul welcomes you!
You can now animate remains.
Unknown command.
Press < or > to pray at altars.
Are you sure you want to abandon this character and quit the game? (Confirm with "yes".)

.. ######..#)...... ..?
#....###.## ..######
#.#..# #.#. #.....#
#.#..# #.#. +.....+
..##.# #.#.
##.....######.# #.#.
.####......####.#.###.#.
......#.#.......#..##.#.
#...@..#####.#..##.#.
#..#.#.# #.#...#...
#......#####.#.#.....
#...#####....#.#.#.#.
#### #.####.#.#.#. #.#
#.#.#... #.# #.#...##
#### ###### #.# #.#.....
#####..######....###.#
#.##..##


There were no monsters in sight!

Vanquished Creatures
  An endoplasm (D:1)
  A giant cockroach (D:1)
  2 goblins (D:1)
  A hobgoblin (D:1)
  A jackal (D:1)
  2 kobolds (D:1)
  A quokka (D:1)
  2 ball pythons (D:1)
  6 bats (D:1)
  A frilled lizard (D:1)
  3 rats (D:1)
21 creatures vanquished.

Notes
Turn   | Place    | Note
-------+----------+-------------------------------------------
     0 | D:1      | jalala the Djinni Ice Elementalist began the quest for the
                  | Orb.
     0 | D:1      | Reached XP level 1. HP: 15/15 MP: 0/0
   317 | D:1      | Reached XP level 2. HP: 18/22 MP: 0/0
   505 | D:1      | Reached skill level 1 in Fighting
   517 | D:1      | HP: 1/22 [goblin (2)]
   922 | D:1      | Reached XP level 3. HP: 12/27 MP: 0/0
   922 | D:1      | Learned a level 1 spell: Sting
  1116 | D:1      | Found a faded altar of an unknown god.
  1131 | D:1      | Became a worshipper of Yredelemnul the Dark
  1131 | D:1      | Reached * piety under Yredelemnul
  1132 | D:1      | Quit the game

Illustrated notes

Levels and vault maps discovered:
D:1:      mrwooster_arrival_statue_2, layout_basic,
          chequers_ecumenical_altar_simple, amcnicky_mini_corridor_feature,
          minmay_ruptured

Skill      XL: |  1  2 |
---------------+-------+-----
Fighting       | 1 |  1.2
Dodging        | |  2.1
Stealth        | |  1.5
Spellcasting   | |  3.7

Action                   || total
-------------------------++-------
Melee: Short sword       ||    13
       Dagger            ||     2
 Cast: Freeze            ||    28
 Stab: Sleeping          ||     3
Armor: Leather armour    ||    32
Dodge: Dodged            ||    49

Table legend: (Time is in decaauts)
 A = Elapsed time spent in this place.
 B = Non-inter-level travel time spent in this place.
 C = Inter-level travel time spent in this place.
 D = Time resting spent in this place.
 E = Time spent auto-exploring this place.
 F = Levels seen in this place.
 G = Mean time per level.
                   A        B        C        D        E       F      G
               +--------+--------+--------+--------+--------+-----+--------+
         Total |   1132 |   1132 |      0 |      0 |    858 |   1 | 1132.0 |
       Dungeon |   1132 |   1132 |      0 |      0 |    858 |   1 | 1132.0 |
               +--------+--------+--------+--------+--------+-----+--------+

Top non-repeatable levels by time:
     D:1: 1132 daAuts
